AoeStats
← Piphex.-

Arabian Desert

510226089Analyzed
1v1 RM · 3d ago on Sep 30, 2026· 68m 42s· 2 players
Game mode
Random Map
Map size
Tiny (2 player)
Population
200
Speed
Normal
Resources
Standard
Victory
Conquest
Starting age
Dark Age
Ending age
Imperial Age
RankedLock teamsTeams togetherTeam positionsShared explorationLock speedFull tech treeHidden civsTurbo modeCheats
Victory
Defeat
🇨🇴 Spanish · Colombia
1383
+16
🇨🇱 Vietnamese · Chile
1387
-16
Najubes
7:05 Loom
9:42 Feudal Age
10:11 Double-Bit Axe
10:31 Horse Collar
10:45 Town Watch
19:44 Castle Age
19:16 Bloodlines
18:57 Gold Mining
23:03 Wheelbarrow
26:03 Bow Saw
25:56 Fletching
26:13 Scale Barding Armor
29:13 Husbandry
31:21 Heavy Plow
37:08 Imperial Age
35:27 Forging
36:05 Chain Barding Armor
38:27 Plate Barding Armor
37:56 Fletching
37:53 Cavalier
39:09 Iron Casting
39:28 Conscription
42:18 Blast Furnace
42:35 Two-Man Saw
43:01 Light Cavalry
45:15 Bodkin Arrow
50:26 Bracer
52:24 Padded Archer Armor
51:45 Elite Skirmisher
52:34 Thumb Ring
52:57 Paladin
54:35 Leather Archer Armor
55:08 Guilds
56:10 Chemistry
55:34 Ballistics
58:06 Ring Archer Armor
63:22 Supremacy
Piphex.-
6:49 Loom
9:11 Feudal Age
9:18 Man-at-Arms
13:18 Horse Collar
19:55 Castle Age
20:14 Fletching
21:35 Wheelbarrow
20:47 Double-Bit Axe
21:06 Heavy Plow
21:59 Bodkin Arrow
26:16 Husbandry
27:08 Ballistics
30:01 Bloodlines
31:25 Thumb Ring
35:01 Hand Cart
34:31 Town Watch
34:59 Bow Saw
37:37 Imperial Age
35:48 Gold Mining
35:48 Stone Mining
37:28 Scale Mail Armor
37:38 Forging
38:24 Bracer
39:26 Chemistry
38:02 Heavy Cavalry Archer
43:06 Chain Mail Armor
42:13 Pikeman
42:53 Squires
42:39 Arson
44:10 Siege Engineers
47:08 Plate Mail Armor
46:01 Halberdier
56:25 Light Cavalry
61:42 Scale Barding Armor
62:13 Iron Casting
Connection lost

Rejoining the realm…

Still unreachable

The connection could not be restored.

Session expired

The server has moved on; the page needs a fresh start.